 Dungeon Crawl Stone Soup version 0.30-a0-722-g3e6e8c874d (webtiles) character file.

Game seed: 4312626728731708558

20020 mistaj the Grappler (level 12, -3/132 HPs)
             Began as a Troll Monk on Jan 28, 2023.
             Was the Champion of Makhleb.
             Slain by a catoblepas (23 damage)
             ... on level 2 of the Lair of Beasts.
             The game lasted 00:29:04 (11123 turns).

mistaj the Grappler (Troll Monk)                   Turns: 11123, Time: 00:29:04

Health: -3/132     AC: 12    Str: 24    XL:     12   Next: 41%
Magic:  11/11      EV:  7    Int:  8    God:    Makhleb [******]
Gold:   238        SH: 11    Dex: 12    Spells: 11/11 levels left

rFire   + + .      SeeInvis .      - Unarmed
rCold   + + +      Faith    .    K - +2 shield of Resistance {rF++ rC++ Will++}
rNeg    . . .      Spirit   .    C - +0 ice dragon scales
rPois   +          Reflect  .    i - +1 hat
rElec   .          Harm     .    (no cloak)
rCorr   .          Rampage  .    (gloves unavailable)
Will    ++...                    (boots unavailable) Stlth
                                 q - amulet of regeneration
HPRegen 2.02/turn                B - ring of protection from fire
MPRegen 0.12/turn                s - ring of poison resistance

@: about to teleport
A: large, unfitting armour, claws 3, regeneration 1, shaggy fur 1, tough skin 1
a: Renounce Religion, Minor Destruction, Lesser Servant of Makhleb, Major
Destruction, Greater Servant of Makhleb


You were on level 2 of the Lair of Beasts.
You worshipped Makhleb.
Makhleb was exalted by your worship.
You visited 3 branches of the dungeon, and saw 14 of its levels.
You also visited: Ossuary.

You collected 1225 gold pieces.
You spent 987 gold pieces at shops.

Inventory:

Hand Weapons
 x - a +2 whip of venom
 D - a +3 heavy war axe
Armour
 i - a +1 hat (worn)
 C - +0 ice dragon scales (worn)
 K - the +2 shield of Resistance (worn) {rF++ rC++ Will++}
   (You bought it in a shop on level 8 of the Dungeon)

   rF:        It greatly protects you from fire.
   rC:        It greatly protects you from cold.
   Will:      It greatly increases your willpower.
Jewellery
 q - an amulet of regeneration (around neck)
 s - a ring of poison resistance (right claw)
 w - a ring of protection from cold
 B - a ring of protection from fire (left claw)
 F - an amulet of guardian spirit
 M - a ring of flight
Wands
 n - a wand of light (9)
 o - a wand of mindburst (18)
 u - a wand of paralysis (3)
 H - a wand of flame (6)
 J - a wand of iceblast (4)
Scrolls
 a - 2 scrolls of fear
 h - 6 scrolls of teleportation
 k - 2 scrolls of amnesia
 l - 2 scrolls of butterflies
 v - 2 scrolls of poison
 y - 4 scrolls of enchant weapon
 A - 10 scrolls of identify
 G - a scroll of fog
 I - 2 scrolls of blinking
 L - a scroll of enchant armour
Potions
 b - a potion of ambrosia
 c - 5 potions of heal wounds
 d - 8 potions of curing
 e - 5 potions of brilliance
 f - 4 potions of flight
 g - a potion of lignification
 j - 9 potions of mutation
 m - 2 potions of cancellation
 p - 3 potions of berserk rage
 r - 5 potions of attraction
 t - 2 potions of resistance
 z - a potion of haste
 E - 3 potions of magic


   Skills:
 + Level 12.0 Fighting
 - Level 2.4 Dodging
 - Level 1.0 Stealth
 * Level 6.3 Shields
 + Level 14.1 Unarmed Combat


You had 11 spell levels left.
You didn't know any spells.
Your spell library contained the following spells:

 Spells                   Type           Power      Damage    Failure   Level
 Foxfire                  Conj/Fire      0%         2x1d4     96%         1
 Kiss of Death            Conj/Necr      0%         2d5       96%         1
 Cigotuvi's Dreadful Rot  Necr/Pois/Air  0%         N/A       99%         2
 Lesser Beckoning         Tloc           0%         N/A       99%         2
 Poisonous Vapours        Pois/Air       0%         N/A       99%         2
 Confusing Touch          Hex            0%         N/A       100%        3
 Dazzling Flash           Conj/Hex       0%         N/A       100%        3
 Gell's Gravitas          Tloc           0%         N/A       100%        3
 Inner Flame              Hex/Fire       0%         N/A       100%        3
 Mephitic Cloud           Conj/Pois/Air  0%         N/A       100%        3
 Teleport Other           Tloc           0%         N/A       100%        3
 Dispel Undead            Necr           0%         3d6       100%        4
 Flame Wave               Conj/Fire      0%         2d4       100%        4
 Iskenderun's Mystic Bla  Conj/Tloc      0%         2d3       100%        4
 Sticky Flame             Conj/Fire      0%         2d3       100%        4
 Agony                    Necr           0%         N/A       100%        5
 Fireball                 Conj/Fire      0%         3d3       100%        5
 Silence                  Hex/Air        0%         N/A       100%        5
 Starburst                Conj/Fire      0%         6d3       100%        6


Dungeon Overview and Level Annotations

Branches:
Dungeon (11/15)            Temple (1/1) D:5            Lair (2/5) D:8
 Spider (0/4) Lair:2          Orc (0/2) D:9         Ossuary (visited)
  Swamp: Lair:2-3    Shoals: Lair:2-3

Altars:
Ashenzari
Cheibriados
Dithmenos
Elyvilon
Fedhas
Gozag
Hepliaklqana
Kikubaaqudgha
Makhleb
Nemelex Xobeh
Okawaru
Qazlal
Ru
Sif Muna
Trog
Uskayaw
Vehumet
Wu Jian
Xom
Yredelemnul
Zin
The Shining One
Lugonu

Shops:
D:1 [   D:2 *   D:8 [

Portals:
Abyss: Lair:1


Innate Abilities, Weirdness & Mutations

You are too large for most types of armour.
You have claws for hands.
Your natural rate of healing is unusually fast.
You are covered in fur. (AC +1)
You have tough skin. (AC +1)


Message History

The blast of calcifying dust hits you but does no damage.
Your limbs are stiffening.
Unknown command.
You mangle the catoblepas!!
The catoblepas is heavily wounded.
You are engulfed in calcifying dust.
You block the cane toad's attack. The catoblepas gores you!!
The cane toad stings you.
You have turned to stone.
You are engulfed in calcifying dust.
The catoblepas gores you!! The cane toad stings you.
The catoblepas gores you but does no damage.
The cane toad stings you but does no damage.
The cane toad stings you. The catoblepas gores you! The cane toad stings you!
The catoblepas gores you!! The cane toad stings you!
The catoblepas gores you but does no damage.
The cane toad stings you. The catoblepas gores you!! The cane toad stings you!
The catoblepas gores you but does no damage.
The cane toad stings you. The cane toad stings you! The catoblepas gores you!
* * * LOW HITPOINT WARNING * * *
The cane toad completely misses you. The catoblepas gores you!
* * * LOW HITPOINT WARNING * * *
The cane toad stings you!
* * * LOW HITPOINT WARNING * * *
You turn to flesh and can move again.
You scratch the cane toad.
The cane toad is heavily wounded.
The catoblepas breathes a plume of calcifying dust at you.
The blast of calcifying dust hits you.
* * * LOW HITPOINT WARNING * * *
The cane toad stings you.
* * * LOW HITPOINT WARNING * * *
Unknown command.
As you read the scroll of teleportation, it crumbles to dust.
You feel strangely unstable.
You are engulfed in calcifying dust.
You block the catoblepas's attack. You block the cane toad's attack.
The cane toad attacks as you move away! The cane toad stings you.
* * * LOW HITPOINT WARNING * * *
The catoblepas gores you!!
You die...

.#............## .#..##...#...##
##.###....##.# ## ........#.##.#
#P## .P..#.....#..# #....
#......>...... ###.)....
#........##..# ##.#......
#..##...#....#####.......§Y
##.#.#..####...#@#.........
##..##....#...§§§Y.........^.....
#............#####P..............
###.#..P...### #...............
####.....### ##..............
.#....#### ##.............
...#..### ##............
........## #.............
.....##..##### #...........


You could see a catoblepas.

Vanquished Creatures
  3 boulder beetles
  3 death yaks (Lair:1)
  The ghost of relicbr the Grappler, a novice TrBe of Trog (D:8)
  2 cyclopes (D:11)
  2 black mambas (Lair:1)
  An elephant (Lair:1)
  3 cane toads (Lair:1)
  2 unseen horrors
  5 komodo dragons
  A troll (D:6)
  Prince Ribbit (D:5)
  A hornet (D:8)
  5 blink frogs (Lair:1)
  A shadow (D:9)
  16 yaks
  3 wyverns
  3 basilisks (D:8)
  3 steam dragons
  Edmund (D:5)
  Menkaure (D:4)
  2 acid dragons
  4 water moccasins
  Duvessa (D:7)
  An orc warrior (D:6)
  A sky beast (D:7)
  A black bear (D:7)
  An ice beast (D:5)
  3 wolves (Lair:1)
  2 ogres
  5 centaurs
  3 phantoms
  3 kobold brigands
  7 bullfrogs
  2 gnoll sergeants
  A necrophage (D:6)
  7 scorpions
  A water moccasin zombie (Ossuary)
  4 wights
  Dowan (D:7)
  A troll zombie (D:9)
  10 killer bees
  5 howler monkeys
  A bullfrog zombie (Ossuary)
  2 centaur zombies (Ossuary)
  4 hounds
  2 jellies
  4 gnoll boudas
  4 iguanas
  3 orc priests
  Jessica (D:2)
  6 scorpion zombies (Ossuary)
  Terence (D:2)
  9 orc wizards
  5 ogre zombies (D:9)
  32 gnolls
  11 adders
  A shadow imp (D:7)
  A white imp (D:6)
  6 worms
  3 dart slugs (D:1)
  55 orcs
  7 bats
  8 endoplasms
  3 giant cockroaches
  3 gnoll zombies (Ossuary)
  7 goblins
  5 hobgoblins
  18 jackals
  6 quokkas
  5 ball pythons
  2 frilled lizards
  2 goblin skeletons (D:9)
  4 goblin zombies
  2 hobgoblin skeletons (D:9)
  7 hobgoblin zombies
  19 kobolds
  An orc skeleton (D:9)
  14 orc zombies
  9 rats
397 creatures vanquished.

Vanquished Creatures (others)
  A ball python (D:3)
  8 fungi
  A lurking horror (Lair:1)
  5 plants
15 creatures vanquished.

Grand Total: 412 creatures vanquished

Notes
Turn   | Place    | Note
-------+----------+-------------------------------------------
     0 | D:1      | mistaj the Troll Monk began the quest for the Orb.
     0 | D:1      | Reached XP level 1. HP: 22/22 MP: 0/0
   114 | D:1      | Reached XP level 2. HP: 29/29 MP: 1/1
   225 | D:1      | Found Deirgh's Armour Shoppe.
   344 | D:1      | Reached XP level 3. HP: 37/37 MP: 2/2
   719 | D:1      | Found a faded altar of an unknown god.
   779 | D:2      | Found Ahica's Assorted Antiques.
   859 | D:2      | Reached skill level 4 in Unarmed Combat
   860 | D:2      | Found the +7 staff of the Meek {protect, meekguard}
  1017 | D:2      | Reached XP level 4. HP: 42/45 MP: 3/3
  1024 | D:2      | Noticed Jessica
  1029 | D:2      | Noticed Terence
  1042 | D:2      | Killed Jessica
  1047 | D:2      | Killed Terence
  1483 | D:3      | Reached XP level 5. HP: 54/54 MP: 4/4
  1552 | D:3      | Reached skill level 5 in Unarmed Combat
  1567 | D:3      | Found a white marble altar of Elyvilon.
  1933 | D:3      | Reached XP level 6. HP: 62/62 MP: 5/5
  2336 | D:4      | Noticed Menkaure
  2772 | D:4      | Killed Menkaure
  3212 | D:5      | Entered Level 5 of the Dungeon
  3231 | D:4      | Reached skill level 5 in Fighting
  3231 | D:4      | Reached skill level 6 in Unarmed Combat
  3245 | D:4      | Reached XP level 7. HP: 57/72 MP: 6/6
  3292 | D:5      | Found an iron altar of Okawaru.
  3382 | D:5      | Noticed Edmund
  3383 | D:5      | Found a staircase to the Ecumenical Temple.
  3391 | D:5      | Killed Edmund
  3406 | Temple   | Entered the Ecumenical Temple
  3620 | Temple   | Became a worshipper of Makhleb the Destroyer
  3620 | Temple   | Reached * piety under Makhleb
  3620 | Temple   | Reached ** piety under Makhleb
  3809 | D:5      | Reached skill level 7 in Unarmed Combat
  3883 | D:5      | Reached XP level 8. HP: 71/83 MP: 7/7
  4180 | D:5      | Noticed Prince Ribbit
  4203 | D:5      | Killed Prince Ribbit
  4204 | D:5      | Reached skill level 8 in Unarmed Combat
  4363 | D:5      | Reached *** piety under Makhleb
  4617 | D:6      | Noticed a troll
  4633 | D:6      | Killed a troll
  4698 | D:6      | Reached skill level 9 in Unarmed Combat
  4698 | D:6      | Reached XP level 9. HP: 82/93 MP: 8/8
  4795 | D:6      | Found a stormy altar of Qazlal.
  5398 | D:7      | Reached **** piety under Makhleb
  5454 | D:7      | Reached skill level 10 in Unarmed Combat
  5510 | D:7      | Found a sacrificial altar of Ru.
  5510 | D:7      | Found a basalt altar of Yredelemnul.
  5571 | D:7      | Noticed Dowan
  5571 | D:7      | Noticed Duvessa
  5578 | D:7      | Killed Duvessa
  5585 | D:7      | Killed Dowan
  5955 | D:8      | Found a sand-covered staircase.
  5962 | Ossuary  | Entered an ossuary
  6074 | Ossuary  | Reached ***** piety under Makhleb
  6106 | Ossuary  | Noticed a silent spectre
  6175 | D:8      | Reached XP level 10. HP: 92/107 MP: 9/9
  6200 | D:8      | Paralysed by a hornet for 1 turns
  6248 | D:8      | Found Buazxev's Armour Shoppe.
  6274 | D:8      | Found a transporter.
  6274 | D:8      | Noticed a boulder beetle
  6275 | D:8      | Found a transporter.
  6305 | D:8      | Noticed relicbr's ghost (novice TrBe)
  6308 | D:8      | Found a runed translucent door.
  6339 | D:8      | Reached skill level 11 in Unarmed Combat
  6375 | D:8      | Found a broken altar of Ashenzari.
  6780 | D:8      | Found a staircase to the Lair.
  7369 | D:9      | Found a shadowy altar of Dithmenos.
  7382 | D:9      | Reached skill level 10 in Fighting
  7399 | D:9      | Reached skill level 12 in Unarmed Combat
  7479 | D:9      | Found a staircase to the Orcish Mines.
  8041 | D:10     | Entered Level 10 of the Dungeon
  8087 | D:10     | Reached XP level 11. HP: 119/119 MP: 10/10
  8197 | D:10     | Found a blossoming altar of Fedhas.
  9430 | D:11     | Reached ****** piety under Makhleb
  9442 | D:11     | Reached skill level 13 in Unarmed Combat
  9753 | D:11     | Noticed a boulder beetle
  9777 | D:11     | Killed a boulder beetle
 10004 | D:8      | Bought the +2 shield of Resistance {rF++ rC++ Will++} for
                  | 987 gold pieces
 10004 | D:8      | Found the +2 shield of Resistance {rF++ rC++ Will++}
 10046 | D:8      | Killed a boulder beetle
 10047 | D:8      | Reached skill level 1 in Shields
 10090 | D:8      | Killed relicbr's ghost
 10172 | Lair:1   | Entered Level 1 of the Lair of Beasts
 10364 | Lair:1   | Found a one-way gate to the infinite horrors of the Abyss.
 10368 | Lair:1   | Found a corrupted altar of Lugonu.
 10551 | Lair:1   | Reached XP level 12. HP: 114/131 MP: 11/11
 10627 | Lair:1   | Noticed a death yak
 10636 | Lair:1   | Noticed a death yak
 10639 | Lair:1   | Noticed a death yak
 10642 | Lair:1   | Killed a death yak
 10646 | Lair:1   | Killed a death yak
 10647 | Lair:1   | Reached skill level 5 in Shields
 10651 | Lair:1   | Killed a death yak
 10987 | Lair:2   | Reached skill level 14 in Unarmed Combat
 11028 | Lair:2   | Found a hole to the Spider Nest.
 11029 | Lair:2   | Noticed a boulder beetle
 11057 | Lair:2   | Killed a boulder beetle
 11094 | Lair:2   | Noticed a catoblepas
 11123 | Lair:2   | Slain by a catoblepas

Illustrated notes

Levels and vault maps discovered:
D:1:      psy_arrival_basics, layout_loops_ring, serial_shops, shop_statue,
          basic_ecumenical_altar
D:2:      layout_rooms, serial_shops, shop, uniq_jessica, uniq_terence
D:3:      layout_loops_ring, elyvilon_altar_4, minmay_starry_boxes
D:4:      layout_layer_cave, hangedman_feature_mirror, uniq_menkaure
D:5:      lemuel_castle_with_subvaults [lemuel_castle_interior_carwin_3],
          layout_loops_ring, mainiacjoe_overflow_concentric_impassable,
          minmay_temple_entry_large_hall, uniq_prince_ribbit1, uniq_edmund
D:6:      layout_rooms, mainiacjoe_overflow_alcove_4
D:7:      layout_basic, amethyst_overflow_temple_binary, enter_bailey_1,
          uniq_duvessa
D:8:      gammafunk_boulding_lane, layout_basic,
          mainiacjoe_overflow_tiny_flanked, erik_lair_dragon, serial_shops,
          shop_fountains, hellmonk_ghost_happy_afterlife, serial_glass,
          glass_columns_b, glass_columns_c, chequers_ossuary_entry_cave,
          lemuel_flamethrower_2
D:9:      layout_stronghold, nicolae_dithmenos_the_darkroom, zombieorc1_lemuel
D:10:     layout_stronghold, fedhas_ov_isle_minmay
D:11:     layout_gridville
Temple:   dpeg_chambers_temple
Lair:1:   layout_misc_corridors, st_stairs_6, dreamdust_deal_with_the_devil,
          amcnicky_altar_lugonu_corruption, lemuel_fruit_tree
Lair:2:   layout_cave_pods, nicolae_spider_entry_non_spiders

Skill      XL: |  1  2  3  4  5  6  7  8  9 10 11 12 |
---------------+-------------------------------------+-----
Fighting       | 3 4 5 6 7 9 10 11 12 | 12.0
Unarmed Combat | 4 5 6 7 9 10 12 13 14 | 14.1
Shields        | 4 6 |  6.3
Dodging        | |  2.4
Stealth        | |  1.0

Action                     |  1- 3 |  4- 6 |  7- 9 | 10-12 || total
---------------------------+-------+-------+-------+-------++-------
  Melee: Unarmed           |    99 |   172 |   420 |   517 ||  1208
         Punch             |       |     7 |    21 |    23 ||    51
    Use: Scroll            |     6 |    11 |     5 |     6 ||    28
   Stab: Sleeping          |     3 |     1 |     1 |       ||     5
         Distracted        |       |       |     1 |       ||     1
 Armour: Robe              |    32 |    60 |    65 |       ||   157
         Ice dragon scales |       |       |    66 |   246 ||   312
  Dodge: Dodged            |    41 |    96 |   210 |   152 ||   499
  Block: Kite shield       |       |       |       |    81 ||    81

Table legend: (Time is in decaauts)
 A = Elapsed time spent in this place.
 B = Non-inter-level travel time spent in this place.
 C = Inter-level travel time spent in this place.
 D = Time resting spent in this place.
 E = Time spent auto-exploring this place.
 F = Levels seen in this place.
 G = Mean time per level.
                   A        B        C        D        E       F      G
               +--------+--------+--------+--------+--------+-----+--------+
         Total |  10939 |  10529 |    410 |    500 |   6614 |  15 |  729.3 |
       Dungeon |   9600 |   9226 |    374 |    437 |   5973 |  11 |  872.7 |
        Temple |    227 |    215 |     12 |      0 |    191 |   1 |  227.0 |
          Lair |    931 |    908 |     23 |     63 |    449 |   2 |  465.5 |
       Ossuary |    180 |    180 |      0 |      0 |      1 |   1 |  180.0 |
               +--------+--------+--------+--------+--------+-----+--------+

Top non-repeatable levels by time:
     D:4: 1217 daAuts
     D:8: 1214 daAuts
     D:5: 1120 daAuts
    D:10: 1016 daAuts
     D:9: 905 daAuts
    D:11: 847 daAuts
     D:7: 829 daAuts
     D:1: 775 daAuts
  Lair:1: 687 daAuts
     D:3: 630 daAuts
     D:2: 590 daAuts
     D:6: 453 daAuts
  Lair:2: 244 daAuts
  Temple: 227 daAuts
 Ossuary: 180 daAuts
